3AAA
VERMONT LAKE MONSTERS @ SCRANTON SUPERNOVAS
08/22/2025
 
TOP OF THE 1ST
Vermont Lake Monsters batting - Pitching for Scranton Supernovas : RHP Roberto Calderón
Pitching: RHP Roberto Calderón
Batting: RHB Rafael Pueblo 0-0: Called Strike
0-1: Ball
1-1: Fly out, F1 (Line Drive, 13S)
Batting: LHB Tim Hill 0-0: Called Strike
0-1: Called Strike
0-2: Ground out 6-3 (Groundball, 6MS)
Batting: RHB Ray John 0-0: Foul Ball, location: 2F
0-1: Foul Ball, location: 2F
0-2: Strikes out swinging
Top of the 1st over - 0 run(s), 0 hit(s), 0 error(s), 0 left on base; Vermont 0 - Scranton 0
BOTTOM OF THE 1ST
Scranton Supernovas batting - Pitching for Vermont Lake Monsters : RHP Tony Solíz
Pitching: RHP Tony Solíz
Batting: RHB Arturo Maldonado 0-0: Ball
1-0: Called Strike
1-1: Foul Ball, location: 2F
1-2: Strikes out looking
Batting: RHB Pedro Rivera 0-0: Called Strike
0-1: Ground out 6-3 (Groundball, 6)
Batting: LHB Héctor Torres 0-0: Swinging Strike
0-1: Foul Ball, location: 2F
0-2: Fly out, F9 (Flyball, 9)
Bottom of the 1st over - 0 run(s), 0 hit(s), 0 error(s), 0 left on base; Vermont 0 - Scranton 0
TOP OF THE 2ND
Vermont Lake Monsters batting - Pitching for Scranton Supernovas : RHP Roberto Calderón
Batting: RHB Sean MacKnight 0-0: Called Strike
0-1: Ball
1-1: Ball
2-1: Ball
3-1: Base on Balls
Batting: RHB Bronson Nicholls 0-0: Ball
1-0: Called Strike
1-1: Ball
2-1: Foul Ball, location: 2F
2-2: Ball
3-2: SINGLE (Line Drive, 4D)
Sean MacKnight to second
Batting: RHB Domenic Gallard 0-0: Called Strike
0-1: Swinging Strike
0-2: Ball
1-2: Strikes out swinging
Batting: RHB Barkley B. Cooltimes 0-0: Ball
1-0: Fielders Choice at 2nd, 3-6 (Groundball, 34)
Sean MacKnight to third
Batting: RHB Chuck Wolf 0-0: DOUBLE (Flyball, 78M)
Sean MacKnight scores
Barkley B. Cooltimes to third
Runner from 3rd tries for Home, SAFE, no throw
Batting: RHB Fernando Castro 0-0: Swinging Strike
0-1: Ball
1-1: Ball
2-1: Ball
3-1: SINGLE (Groundball, 6MD)
Chuck Wolf to third
Runner from 3rd tries for Home, SAFE, no throw
Batting: RHB Rafael Pueblo 0-0: Called Strike
0-1: Called Strike
0-2: Strikes out swinging
Top of the 2nd over - 3 run(s), 3 hit(s), 0 error(s), 1 left on base; Vermont 3 - Scranton 0
BOTTOM OF THE 2ND
Scranton Supernovas batting - Pitching for Vermont Lake Monsters : RHP Tony Solíz
Batting: RHB Brad Jacobson 0-0: Ball
1-0: Foul Ball, location: 2F
1-1: Ball
2-1: Ball
3-1: Base on Balls
Batting: LHB Francisco Ortega 0-0: Ball
1-0: Called Strike
1-1: Ground out 6-3 (Groundball, 6S)
Brad Jacobson to second
Batting: RHB Henrique Shearman 0-0: Swinging Strike
0-1: Ball
1-1: Fly out, F9 (Flyball, 89S)
Batting: LHB Phillip Tinker 0-0: Ball
1-0: Called Strike
1-1: Ball
2-1: Foul Ball, location: 2F
2-2: Strikes out swinging
Bottom of the 2nd over - 0 run(s), 0 hit(s), 0 error(s), 1 left on base; Vermont 3 - Scranton 0
TOP OF THE 3RD
Vermont Lake Monsters batting - Pitching for Scranton Supernovas : RHP Roberto Calderón
Batting: LHB Tim Hill 0-0: Ball
1-0: Ball
2-0: Foul Ball, location: 2F
2-1: Ball
3-1: Called Strike
3-2: Foul Ball, location: 2F
3-2: Fly out, F6 (Popup, 56)
Batting: RHB Ray John 0-0: Ball
1-0: Called Strike
1-1: Ball
2-1: Foul Ball, location: 2F
2-2: Ball
3-2: Fly out, F9 (Flyball, 9LD)
Batting: RHB Sean MacKnight 0-0: Called Strike
0-1: Ball
1-1: Fly out, F5 (Popup, 5L)
Top of the 3rd over - 0 run(s), 0 hit(s), 0 error(s), 0 left on base; Vermont 3 - Scranton 0
BOTTOM OF THE 3RD
Scranton Supernovas batting - Pitching for Vermont Lake Monsters : RHP Tony Solíz
Batting: RHB Chris Henderson 0-0: Called Strike
0-1: Ball
1-1: Ball
2-1: Called Strike
2-2: Strikes out swinging
Batting: RHB Marty Hayden 0-0: Fly out, F5 (Line Drive, 56)
Batting: RHB Arturo Maldonado 0-0: Ball
1-0: Swinging Strike
1-1: Called Strike
1-2: Ground out 5-3 (Groundball, 56)
Bottom of the 3rd over - 0 run(s), 0 hit(s), 0 error(s), 0 left on base; Vermont 3 - Scranton 0
TOP OF THE 4TH
Vermont Lake Monsters batting - Pitching for Scranton Supernovas : RHP Roberto Calderón
Batting: RHB Bronson Nicholls 0-0: SINGLE (Groundball, 34D)
Batting: RHB Domenic Gallard 0-0: Called Strike
0-1: Ball
1-1: Grounds into double play, 4-6-3 (Groundball, 4M)
Batting: RHB Barkley B. Cooltimes 0-0: Called Strike
0-1: DOUBLE (Line Drive, 78D)
Batting: RHB Chuck Wolf 0-0: Foul Ball, location: 2F
0-1: Ball
1-1: Ball
2-1: Foul Ball, location: 2F
2-2: Ground out 6-3 (Groundball, 6)
Top of the 4th over - 0 run(s), 2 hit(s), 0 error(s), 1 left on base; Vermont 3 - Scranton 0
BOTTOM OF THE 4TH
Scranton Supernovas batting - Pitching for Vermont Lake Monsters : RHP Tony Solíz
Batting: RHB Pedro Rivera 0-0: Ball
1-0: Foul Ball, location: 2F
1-1: Foul Ball, location: 2F
1-2: Ball
2-2: Ball
3-2: SINGLE (Groundball, 6MD)
Batting: LHB Héctor Torres 0-0: Called Strike
0-1: Fly out, F8 (Flyball, 8RM)
Batting: RHB Brad Jacobson 0-0: Foul Ball, location: 2F
0-1: Ball
1-1: Ball
2-1: Foul Ball, location: 2F
2-2: Fielders Choice at 2nd, 6-4 (Groundball, 6)
Batting: LHB Francisco Ortega 0-0: Called Strike
Brad Jacobson is caught stealing 2nd base
Bottom of the 4th over - 0 run(s), 1 hit(s), 0 error(s), 0 left on base; Vermont 3 - Scranton 0
TOP OF THE 5TH
Vermont Lake Monsters batting - Pitching for Scranton Supernovas : RHP Roberto Calderón
Batting: RHB Fernando Castro 0-0: Ball
1-0: Called Strike
1-1: Ball
2-1: Ball
3-1: Swinging Strike
3-2: Fly out, F7 (Flyball, 7S)
Batting: RHB Rafael Pueblo 0-0: SINGLE (Groundball, 56D)
Batting: LHB Tim Hill 0-0: Swinging Strike
0-1: Foul Ball, location: 2F
0-2: Grounds out, U3 (Groundball, 3L)
Batting: RHB Ray John 0-0: Foul Ball, location: 2F
0-1: Fly out, F6 (Line Drive, 6)
Top of the 5th over - 0 run(s), 1 hit(s), 0 error(s), 1 left on base; Vermont 3 - Scranton 0
BOTTOM OF THE 5TH
Scranton Supernovas batting - Pitching for Vermont Lake Monsters : RHP Tony Solíz
Batting: LHB Francisco Ortega 0-0: Fly out, F7 (Flyball, 7)
Batting: RHB Henrique Shearman 0-0: Called Strike
0-1: Swinging Strike
0-2: Ball
1-2: Foul Ball, location: 2F
1-2: Fly out, F9 (Flyball, 89S)
Batting: LHB Phillip Tinker 0-0: Ground out 4-3 (Groundball, 4)
Bottom of the 5th over - 0 run(s), 0 hit(s), 0 error(s), 0 left on base; Vermont 3 - Scranton 0
TOP OF THE 6TH
Vermont Lake Monsters batting - Pitching for Scranton Supernovas : RHP Roberto Calderón
Batting: RHB Sean MacKnight 0-0: Ball
1-0: Swinging Strike
1-1: Called Strike
1-2: Strikes out swinging
Batting: RHB Bronson Nicholls 0-0: Called Strike
0-1: Swinging Strike
0-2: Foul Ball, location: 2F
0-2: Foul Ball, location: 2F
0-2: Strikes out looking
Batting: RHB Domenic Gallard 0-0: Ground out 6-3 (Groundball, 6S)
Top of the 6th over - 0 run(s), 0 hit(s), 0 error(s), 0 left on base; Vermont 3 - Scranton 0
BOTTOM OF THE 6TH
Scranton Supernovas batting - Pitching for Vermont Lake Monsters : RHP Tony Solíz
Batting: RHB Chris Henderson 0-0: SINGLE (Line Drive, 7LS)
Batting: RHB Marty Hayden 0-0: Ball
1-0: Sac Bunt - play at first, batter OUT! 1-3
Chris Henderson to second
Batting: RHB Arturo Maldonado 0-0: Ground out 4-3 (Groundball, 4M)
Chris Henderson to third
Batting: RHB Pedro Rivera 0-0: Ball
1-0: Ground out 6-3 (Groundball, 6)
Bottom of the 6th over - 0 run(s), 1 hit(s), 0 error(s), 1 left on base; Vermont 3 - Scranton 0
TOP OF THE 7TH
Vermont Lake Monsters batting - Pitching for Scranton Supernovas : RHP Roberto Calderón
Batting: RHB Barkley B. Cooltimes 0-0: Fly out, F7 (Line Drive, 78D)
Batting: RHB Chuck Wolf 0-0: SINGLE (Groundball, 56) (infield hit)
Batting: RHB Fernando Castro 0-0: Grounds into double play, 4-6-3 (Groundball, 4)
Top of the 7th over - 0 run(s), 1 hit(s), 0 error(s), 0 left on base; Vermont 3 - Scranton 0
BOTTOM OF THE 7TH
Scranton Supernovas batting - Pitching for Vermont Lake Monsters : RHP Tony Solíz
Batting: LHB Héctor Torres 0-0: Called Strike
0-1: Ball
1-1: Ball
2-1: Swinging Strike
2-2: Fly out, F8 (Flyball, 78M)
Batting: RHB Brad Jacobson 0-0: Ball
1-0: Ball
2-0: Swinging Strike
2-1: DOUBLE (Line Drive, 7LM)
Batting: LHB Francisco Ortega 0-0: Called Strike
0-1: Swinging Strike
0-2: Foul Ball, location: 2F
0-2: Strikes out swinging
Batting: RHB Henrique Shearman 0-0: Ground out 6-3 (Groundball, 6)
Bottom of the 7th over - 0 run(s), 1 hit(s), 0 error(s), 1 left on base; Vermont 3 - Scranton 0
TOP OF THE 8TH
Vermont Lake Monsters batting - Pitching for Scranton Supernovas : RHP Roberto Calderón
Batting: RHB Rafael Pueblo 0-0: Ball
1-0: SINGLE (Flyball, 8LS)
Batting: LHB Tim Hill 0-0: Called Strike
Rafael Pueblo steals 2nd base
0-1: Ball
1-1: Bunted foul
1-2: Ball
2-2: Strikes out swinging
Batting: RHB Ray John 0-0: Ball
1-0: Called Strike
Rafael Pueblo steals 3rd base
1-1: Foul Ball, location: 2F
1-2: Ball
2-2: Strikes out swinging
Batting: RHB Sean MacKnight 0-0: Ball
1-0: Fly out, F4 (Popup, 4S)
Top of the 8th over - 0 run(s), 1 hit(s), 0 error(s), 1 left on base; Vermont 3 - Scranton 0
BOTTOM OF THE 8TH
Scranton Supernovas batting - Pitching for Vermont Lake Monsters : RHP Tony Solíz
Batting: LHB Phillip Tinker 0-0: Fly out, F7 (Flyball, 7S)
Batting: RHB Chris Henderson 0-0: Ground out 6-3 (Groundball, 6)
Batting: RHB Marty Hayden 0-0: Foul Ball, location: 2F
0-1: Swinging Strike
0-2: Ball
1-2: Strikes out swinging
Bottom of the 8th over - 0 run(s), 0 hit(s), 0 error(s), 0 left on base; Vermont 3 - Scranton 0
TOP OF THE 9TH
Vermont Lake Monsters batting - Pitching for Scranton Supernovas : RHP Roberto Calderón
Batting: RHB Bronson Nicholls 0-0: Called Strike
0-1: Called Strike
0-2: Ball
1-2: Strikes out swinging
Batting: RHB Domenic Gallard 0-0: Called Strike
0-1: Called Strike
0-2: Ball
1-2: Ground out 4-3 (Groundball, 4M)
Batting: RHB Barkley B. Cooltimes 0-0: Fly out, F7 (Line Drive, 78S)
Top of the 9th over - 0 run(s), 0 hit(s), 0 error(s), 0 left on base; Vermont 3 - Scranton 0
BOTTOM OF THE 9TH
Scranton Supernovas batting - Pitching for Vermont Lake Monsters : RHP Tony Solíz
Batting: RHB Arturo Maldonado 0-0: Called Strike
0-1: Ground out 5-3 (Groundball, 56S)
Batting: RHB Pedro Rivera 0-0: Swinging Strike
0-1: Foul Ball, location: 2F
0-2: Strikes out swinging
Batting: LHB Héctor Torres 0-0: SINGLE (Flyball, 89S)
Batting: RHB Brad Jacobson 0-0: Ball
1-0: Called Strike
1-1: Ball
2-1: Ball
3-1: Base on Balls
Héctor Torres to second
Batting: LHB Francisco Ortega 0-0: Ball
1-0: Ball
2-0: Foul Ball, location: 2F
2-1: Ball
3-1: Swinging Strike
3-2: Base on Balls
Héctor Torres to third
Brad Jacobson to second
Pitching: LHP Jim Unknown
Pinch Hitting: RHB Martín Álvarez 0-0: Ball
1-0: Ball
2-0: Ball
3-0: Base on Balls
Héctor Torres scores
Brad Jacobson to third
Francisco Ortega to second
Batting: LHB Phillip Tinker 0-0: Called Strike
0-1: Ball
1-1: Swinging Strike
1-2: Strikes out looking
Bottom of the 9th over - 1 run(s), 1 hit(s), 0 error(s), 3 left on base; Vermont 3 - Scranton 1
Friday, December 30th, 2016 - OOTP Baseball 17.12 Build 75